 Dungeon Crawl Stone Soup version 0.28-a0-793-g31680bbd8b (webtiles) character file.

Game seed: 1288843790419895161

8 ytrimaz the Skirmisher (level 2, 24/24 HPs)
             Began as a Demonspawn Fighter on Nov 4, 2021.
             Quit the game on level 1 of the Dungeon.
             The game lasted 00:00:21 (272 turns).

ytrimaz the Skirmisher (Demonspawn Fighter)          Turns: 272, Time: 00:00:21

Health: 24/24      AC:  6    Str: 16    XL:     2   Next: 0%
Magic:  2/2        EV:  9    Int:  9    God:
Gold:   0          SH:  4    Dex: 12    Spells: 1/1 levels left

rFire   . . .      SeeInvis .   a - +0 war axe
rCold   . . .      Faith    .   c - +0 buckler
rNeg    . . .      Spirit   .   b - +0 scale mail
rPois   .          Reflect  .   (no helmet)
rElec   .          Harm     .   (no cloak)
rCorr   .          Rampage  .   (no gloves)
Will    .....                   (no boots)
Stlth   ..........              (no amulet)
HPRegen 0.08/turn               (no ring)
MPRegen 0.08/turn               (no ring)

@: no status effects
A: demonic magic 1
a: no special abilities


You were on level 1 of the Dungeon.
You visited 1 branch of the dungeon, and saw 1 of its levels.

Inventory:

Hand Weapons
 a - a +0 war axe (weapon)
Armour
 b - a +0 scale mail (worn)
 c - a +0 buckler (worn)
Potions
 d - a potion of might
 e - a potion of attraction {unknown}


   Skills:
 + Level 3.1 Fighting
 * Level 1.9 Axes
 + Level 2.8 Armour
 * Level 0.2 Dodging
 + Level 2.8 Shields


You had one spell level left.
You didn't know any spells.
Your spell library was empty.

Dungeon Overview and Level Annotations

Branches:
Dungeon (1/15)

Altars:


Innate Abilities, Weirdness & Mutations

Spells you cast may paralyse adjacent enemies.


Message History

The bat is heavily wounded.
You barely miss the bat. The bat closely misses you.
The bat hits you but does no damage. The bat completely misses you.
You barely miss the bat.
The bat is heavily wounded.
You completely miss the bat. The bat barely misses you.
The bat closely misses you. The bat hits you but does no damage.
You closely miss the bat.
The bat is heavily wounded.
The bat hits you but does no damage. x2; You block the bat's attack.
The bat barely misses you.
You hit the bat.
The bat is severely wounded.
You hit the bat. The bat closely misses you. The bat barely misses you.
The bat hits you but does no damage.
You barely miss the bat.
The bat is severely wounded.
You barely miss the bat. You block the bat's attack. The bat barely misses you.
The bat hits you.
You closely miss the bat.
The bat is severely wounded.
The bat hits you but does no damage. You block the bat's attack.
The bat closely misses you.
You barely miss the bat.
The bat is severely wounded.
The bat completely misses you. The bat hits you but does no damage.
There are monsters nearby!
There are monsters nearby!
You miss the bat.
The bat is severely wounded.
The bat barely misses you. x2; You block the bat's attack.
You slash the bat!
You kill the bat!
You closely miss the bat. The bat hits you but does no damage. x2
You have reached level 2!
Your demonic ancestry asserts itself...
A menacing aura infuses your magic.
A bat is nearby!
A bat is nearby!
Are you sure you want to abandon this character and quit the game? (Confirm with "yes".)

.##.##.......#
.##.##†......#####
.................#####..
........................
.######....#.##..##.#...
..# #........##........
..# #........##b###.#..
..# #........##.....#..$
..# #........#..@$......
..# #........#........#.
.(# #.................#
..# #.......##.....$..#
..# .. #........# ..# .
#........# ..#
#........# ..#
#........# ..#


You could see a bat.

Vanquished Creatures
  A bat (D:1)
  2 goblins (D:1)
  2 hobgoblins (D:1)
  2 rats (D:1)
7 creatures vanquished.

Notes
Turn   | Place    | Note
-------+----------+-------------------------------------------
     0 | D:1      | ytrimaz the Demonspawn Fighter began the quest for the Orb.
     0 | D:1      | Reached XP level 1. HP: 18/18 MP: 1/1
   272 | D:1      | Gained mutation: Spells you cast may paralyse adjacent
                  | enemies. [demonic ancestry]
   272 | D:1      | Reached XP level 2. HP: 24/24 MP: 2/2
   272 | D:1      | Quit the game

Illustrated notes

Levels and vault maps discovered:
D:1:      nagdon_arrival_double_spiral, layout_basic, kennysheep_flooded_box

Action                   || total
-------------------------++-------
Melee: War axe           ||    28
Armor: Scale mail        ||    31
Dodge: Dodged            ||    19
Block: Buckler           ||    10

Table legend: (Time is in decaauts)
 A = Elapsed time spent in this place.
 B = Non-inter-level travel time spent in this place.
 C = Inter-level travel time spent in this place.
 D = Time resting spent in this place.
 E = Time spent auto-exploring this place.
 F = Levels seen in this place.
 G = Mean time per level.
                   A        B        C        D        E       F      G
               +--------+--------+--------+--------+--------+-----+--------+
         Total |    322 |    322 |      0 |      0 |    255 |   1 |  322.0 |
       Dungeon |    322 |    322 |      0 |      0 |    255 |   1 |  322.0 |
               +--------+--------+--------+--------+--------+-----+--------+

Top non-repeatable levels by time:
     D:1: 322 daAuts
